 Dungeon Crawl Stone Soup version 0.16.1-30-g34a7ffa (webtiles) character file.

87 Pekop the Skirmisher (level 4, 0/35 HPs)
             Began as a Mummy Fighter on June 16, 2015.
             Slain by an orc priest
             ... wielding a +0 hand axe
              (7 damage)
             ... on level 3 of the Dungeon.
             The game lasted 00:08:32 (1505 turns).

Pekop the Skirmisher (Mummy Fighter)                Turns: 1505, Time: 00:08:32

Health: 0/35       AC:  6    Str: 19    XL:     4   Next: 28%
Magic:  4/4        EV: 10    Int:  7    God:
Gold:   58         SH:  9    Dex: 12    Spells: 0 memorised, 3 levels left

rFire  x . .     SeeInvis .     a - +0 long sword
rCold  + . .     Clarity  .     b - +0 scale mail
rNeg   + + +     SustAb   .     c - +0 shield
rPois  ∞         Gourm    .     (no helmet)
rElec  .         Spirit   .     (no cloak)
rCorr  .         Warding  .     (no gloves)
rMut   .         Stasis   .     (no boots)
MR     .....                    (no amulet)
Stlth  ..........               j - ring of loudness (curse)
                                e - +3 ring of evasion

@: not resistant to hostile enchantments, extremely unstealthy
A: no food or potions, fire vulnerability, restore body, cold resistance 1,
negative energy resistance 3, poison resistance, torment resistance, unbreathing
a: no special abilities


You were on level 3 of the Dungeon.
You were not hungry.

You visited 1 branch of the dungeon, and saw 4 of its levels.

You collected 58 gold pieces.

Inventory:

Hand weapons
 a - a +0 long sword (weapon)
Armour
 b - a +0 scale mail (worn)
 c - a +0 shield (worn)
Jewellery
 e - a +3 ring of evasion (left hand)
 j - a cursed ring of loudness (right hand)
Scrolls
 d - 7 scrolls of identify {unknown}
 f - a scroll of fog {unknown}
 g - 2 scrolls of teleportation {unknown}
 h - a scroll of amnesia {unknown}
 i - a scroll of recharging {unknown}
 k - a scroll of random uselessness {unknown}


   Skills:
 + Level 3.4 Fighting
 + Level 2.0 Long Blades
 + Level 3.1 Armour
 + Level 1.2 Dodging
 + Level 2.7 Shields


You had 3 spell levels left.
You didn't know any spells.

Dungeon Overview and Level Annotations

Branches:
Dungeon (4/15)
 Temple: D:4-7

Altars:

Annotations:
D:3 joy's ghost, average SpEn


Innate Abilities, Weirdness & Mutations

You do not eat or drink.
Your flesh is vulnerable to fire.
Your flesh is cold resistant.
You are immune to negative energy.
Your system is resistant to poisons.
You are immune to unholy pain and torment.
You can survive without breathing.


Message History

You barely miss the orc priest.
The orc priest calls down the wrath of Beogh upon you.
Something smites you! The orc priest barely misses you.
You hit the orc priest but do no damage.
The orc priest mumbles some strange prayers to Beogh against you.
You are unaffected.
You hit the orc priest.
The orc priest is moderately wounded.
The orc priest barely misses you.
Your shield and scale mail prevent you from hitting the orc priest.
The orc priest is moderately wounded.
The orc priest prays to Beogh.
You feel troubled.
The orc priest mumbles some strange prayers to Beogh against you.
Something smites you!
* * * LOW HITPOINT WARNING * * *
You hit the orc priest but do no damage.
The orc priest is moderately wounded.
The orc priest hits you with a hand axe!
You die...

#..# #.# ## #..###.#####.
#(...........
####.####.###### ##⌠##.#
#.# ##.....####.#
##..⌠#.......#
##...###.######
#⌠.@###.......### #......#
#⌠..#########.#.#
##...########.#
##..⌠#....##.#
###....##.##.# ###
#...####.##⌠####.##.#.##..
#.........###.†>.##.#.##..
#...####.#.########.#.##..


You could see an orc priest.

Vanquished Creatures
  Natasha (D:3)
  A worker ant (D:3)
  An adder (D:3)
  A worm (D:3)
  A ball python (D:3)
  A bat (D:1)
  2 giant cockroaches
  3 goblins
  4 hobgoblins
  4 giant newts
  3 kobolds
  6 rats (D:1)
28 creatures vanquished.

Notes
Turn   | Place    | Note
--------------------------------------------------------------
     0 | D:1      | Pekop, the Mummy Fighter, began the quest for the Orb.
     0 | D:1      | Reached XP level 1. HP: 18/18 MP: 1/1
   427 | D:1      | Reached XP level 2. HP: 16/24 MP: 2/2
   688 | D:3      | Noticed a fire elemental
   844 | D:3      | Reached skill level 1 in Dodging
   844 | D:3      | Reached XP level 3. HP: 15/29 MP: 3/3
  1370 | D:3      | Noticed Natasha
  1384 | D:3      | Killed Natasha
  1384 | D:3      | Reached XP level 4. HP: 35/35 MP: 4/4
  1437 | D:3      | Noticed joy's ghost (average SpEn)
  1505 | D:3      | Slain by an orc priest

Action                   |  1- 3 |  4- 6 || total
-------------------------+-------+-------++-------
Melee: Long sword        |    95 |     6 ||   101
